 Dungeon Crawl Stone Soup version 0.17-a0-2030-g9ce824c (webtiles) character file.

53 Adamkad1 the Sneak (level 3, 0/25 HPs)
             Began as a Vampire Enchanter on Oct 11, 2015.
             Slain by an adder (3 damage)
             ... on level 1 of the Dungeon.
             The game lasted 00:08:04 (4550 turns).

Adamkad1 the Sneak (Vampire Enchanter)              Turns: 4550, Time: 00:08:04

Health: 0/25       AC:  3    Str:  7    XL:     3   Next: 62%
Magic:  1/6        EV: 13    Int: 17    God:
Gold:   16         SH:  0    Dex: 15    Spells: 2 memorised, 3 levels left

rFire  . . .     SeeInvis +     a - +1 dagger
rCold  + + .     Clarity  .     b - +1 robe
rNeg   + + +     SustAt   .     (no shield)
rPois  ∞         Gourm    .     (no helmet)
rElec  .         Spirit   .     (no cloak)
rCorr  .         Warding  +     (no gloves)
rMut   .         Stasis   .     (no boots)
MR     .....                    i - amulet of warding
Stlth  ++++......               (no ring)
                                (no ring)

@: bloodless, non-regenerating, not resistant to hostile enchantments, stealthy
A: fangs 3, see invisible, unbreathing
a: Bat Form


You were on level 1 of the Dungeon.
You were bloodless.

You visited 1 branch of the dungeon, and saw 2 of its levels.

You collected 16 gold pieces.

Inventory:

Hand Weapons
 a - a +1 dagger (weapon)
Armour
 b - a +1 robe (worn)
 h - a +0 pair of boots
Jewellery
 i - an amulet of warding (around neck)
Scrolls
 e - a scroll of noise {unknown}
 g - a scroll of amnesia
 j - a scroll of identify
Potions
 d - 4 potions of blood
 f - a potion of haste {unknown}
Books
 c - a book of Maledictions

   Spells                             Type                      Level
   a - Corona                         Hexes                        1
   b - Ensorcelled Hibernation        Hexes/Ice                    2
   c - Confuse                        Hexes                        3
   d - Tukima's Dance                 Hexes                        3
   e - Dazzling Spray                 Conjuration/Hexes            3


   Skills:
 + Level 0.3 Fighting
 + Level 1.1 Short Blades
 + Level 2.7 Dodging
 * Level 5.3 Stealth
 * Level 2.3 Spellcasting
 * Level 5.0 Hexes
 * Level 0.4 Ice Magic


You had 3 spell levels left.
You knew the following spells:

 Your Spells              Type           Power        Failure   Level  Hunger
a - Corona                Hex            ###....      2%          1    #......
b - Ensorcelled Hibernat  Hex/Ice        ##....       12%         2    ##.....


Dungeon Overview and Level Annotations

Branches:
Dungeon (2/15)

Altars:


Innate Abilities, Weirdness & Mutations

You do not heal naturally.
You are immune to poison.
You have razor-sharp teeth.
You have supernaturally acute eyesight.
You can survive without breathing.


Message History

Aim: an adder (chance to defeat MR: 50%)
The adder resists with some effort.
The adder barely misses you.
Casting: Ensorcelled Hibernation
Confirm with . or Enter, or press ? or * to list all spells.
You don't have enough magic to cast that spell.
Unknown command.
You hit the adder.
The adder is lightly wounded.
The adder closely misses you.
You hit the adder.
The adder is heavily wounded.
The adder barely misses you. The adder bites you.
* * * LOW HITPOINT WARNING * * *
You hit the adder.
The adder is severely wounded.
The adder closely misses you.
You closely miss the adder.
The adder is severely wounded.
The adder bites you.
You die...

...########## #.####.####
...##.......# #.# #.....
...##.......## #.# ##....
%............# #.# #.....
...##.......## #.# ##....
......#.#.#..# #.# #....
...##........# #g# #....
...##.#.#.#..################....
#.###.........%S@........(.......
..###.#.#.#..................###.
.##..........................(##.
####..##.....###############..##.
..##...#.....# #.# ##.##.
..##...#.....# #.# #..#.
..##...#.....# #.# ##.##
..##.....##### #.# #..#
####..###....# #.# ####.#


You could see an adder.

Vanquished Creatures
  An adder (D:1)
  A worm (D:1)
  3 bats (D:1)
  2 giant cockroaches (D:1)
  4 goblins (D:1)
  9 hobgoblins (D:1)
  7 jackals (D:1)
  4 kobolds (D:1)
  3 ball pythons (D:1)
  A giant newt (D:1)
  2 rats (D:1)
37 creatures vanquished.

Vanquished Creatures (others)
  A fungus (D:1)
1 creature vanquished.

Grand Total: 38 creatures vanquished

Notes
Turn   | Place    | Note
--------------------------------------------------------------
     0 | D:1      | Adamkad1 the Vampire Enchanter began the quest for the Orb.
     0 | D:1      | Reached XP level 1. HP: 13/13 MP: 3/3
   412 | D:1      | Reached XP level 2. HP: 10/19 MP: 5/5
   542 | D:1      | Learned a level 2 spell: Ensorcelled Hibernation
  2212 | D:1      | Reached skill level 5 in Stealth
  3141 | D:1      | Reached XP level 3. HP: 11/25 MP: 0/6
  4340 | D:1      | Reached skill level 5 in Hexes
  4550 | D:1      | Slain by an adder

Vault maps used:
D:1:      lightli_arrival_maybe_door_vault, serial_co_window_serial,
          co_window_corner_a, co_window_of_opportunity_a, co_window_paths_b,
          co_window_paths_a, co_window_paths_a, co_window_of_opportunity_c,
          co_window_corner_b, co_window_broadway_c, co_window_2corner,
          co_window_4corner_b, glass_columns_b, glass_columns_a,
          minmay_shallow_snake_nest
D:2:      overflow_temple_1_default, nicolae_overflow_hidden_temple, first_bread

Action                   || total
-------------------------++-------
Melee: Dagger            ||   121
 Cast: Ensorcelled Hiber ||    32
 Abil: End Transformatio ||     1
       Bat Form          ||     1
  Use: Potion            ||     1
       Scroll            ||     3
 Stab: Sleeping          ||    20
       Distracted        ||     1
